 Dungeon Crawl Stone Soup version 0.30-a0-459-g9104f0fc43 (webtiles) character file.

Game seed: 13396456397806575233

9098 experimilk the Destroyer (level 11, 0/74 HPs)
             Began as a Yellow Draconian Conjurer on Dec 16, 2022.
             Was a Believer of Vehumet.
             Slain by a yak (13 damage)
             ... on level 1 of the Lair of Beasts.
             The game lasted 00:38:32 (14860 turns).

experimilk the Destroyer (DrCj)                    Turns: 14860, Time: 00:38:33

Health: 0/74       AC:  9    Str: 10    XL:     11   Next: 18%
Magic:  3/26       EV: 11    Int: 29    God:    Vehumet [**....]
Gold:   417        SH:  2    Dex:  9    Spells: 7/33 levels left

rFire   . . .      SeeInvis .    t - +2 dagger (drain)
rCold   . . .      Faith    .    y - +0 buckler
rNeg    . . .      Spirit   .    (body armour unavailable)
rPois   .          Reflect  .    (helmet restricted)
rElec   .          Harm     .    n - +0 cloak
rCorr   +          Rampage  .    (no gloves)
Will    .....                    E - +0 pair of boots
Stlth   ++........               (no amulet)
HPRegen 0.32/turn                g - ring of wizardry
MPRegen 0.20/turn                j - +6 ring of intelligence

@: short of breath, hasted, very quick
A: spit acid, AC +7, unfitting armour, cold-blooded, acid resistance
a: Breathe Acid, Renounce Religion


You were on level 1 of the Lair of Beasts.
You worshipped Vehumet.
Vehumet was pleased with you.
You visited 2 branches of the dungeon, and saw 10 of its levels.

You collected 417 gold pieces.

Inventory:

Hand Weapons
 a - a +2 short sword of venom
 k - a +2 scimitar of flaming
 t - a +2 dagger of draining (weapon)
 v - a +0 rapier
 w - a +2 short sword of holy wrath
Armour
 b - a +0 kite shield
 n - a +0 cloak (worn)
 y - a +0 buckler (worn)
 E - a +0 pair of boots (worn)
Jewellery
 g - a ring of wizardry (left hand)
 j - a +6 ring of intelligence (right hand)
 A - a ring of fire
 F - an amulet of faith
Wands
 B - a wand of iceblast (10)
 H - a wand of flame (7)
 I - a wand of mindburst (1)
Scrolls
 c - a scroll of fog {unknown}
 l - 3 scrolls of brand weapon
 m - a scroll of teleportation
 o - 2 scrolls of enchant armour {unknown}
 p - 2 scrolls of blinking {unknown}
 q - 4 scrolls of enchant weapon
 s - a scroll of magic mapping {unknown}
 u - 4 scrolls of torment
 z - a scroll of noise {unknown}
 C - 3 scrolls of vulnerability
 J - a scroll of fear {unknown}
 K - a scroll of poison
Potions
 d - 2 potions of resistance
 e - a potion of cancellation {unknown}
 f - a potion of haste
 h - a potion of invisibility {unknown}
 r - a potion of mutation {unknown}
 x - a potion of might {unknown}
 D - a potion of flight {unknown}
 G - a potion of ambrosia {unknown}


   Skills:
 - Level 3.0 Dodging
 - Level 1.7 Stealth
 * Level 11.6 Spellcasting
 - Level 12.0 Conjurations
 + Level 2.6 Fire Magic
 + Level 2.6 Poison Magic


You had 7 spell levels left.
You knew the following spells:

 Your Spells              Type           Power      Damage    Failure   Level
a - Scorch                Fire           64%        2d8       1%          2
b - Magic Dart            Conj           100%       1d8       1%          1
d - Starburst             Conj/Fire      28%        6d9       13%         6
o - Apportation           Tloc           32%        N/A       1%          1
p - Blink                 Tloc           32%        N/A       2%          2
q - Olgreb's Toxic Radia  Pois           32%        N/A       6%          4
s - Sticky Flame          Conj/Fire      56%        2d7       1%          4
x - Iskenderun's Mystic   Conj/Tloc      51%        2d11      1%          4
z - Searing Ray           Conj           100%       2d8       1%          2

Your spell library contained the following spells:

 Spells                   Type           Power      Damage    Failure   Level
 Necrotise                Necr           64%        1d7       1%          1
 Sting                    Tmut/Pois      96%        1d7       1%          1
 Summon Small Mammal      Summ           64%        N/A       1%          1
 Poisonous Vapours        Pois/Air       48%        N/A       1%          2
 Dazzling Flash           Conj/Hex       100%       N/A       1%          3
 Flame Wave               Conj/Fire      56%        2d13      1%          4
 Fulminant Prism          Conj/Hex       25%        3d13      1%          4
 Sublimation of Blood     Necr           16%        N/A       2%          2
 Wereblood                Tmut           16%        N/A       2%          2
 Inner Flame              Hex/Fire       24%        N/A       3%          3
 Ozocubu's Armour         Ice            16%        N/A       5%          3
 Animate Dead             Necr           16%        N/A       16%         4
 Manifold Assault         Tloc           16%        N/A       16%         4
 Borgnjor's Vile Clutch   Necr/Erth      8%         N/A       41%         5
 Death Channel            Necr           8%         N/A       92%         6
 Ozocubu's Refrigeration  Ice            8%         4d9       100%        7
 Storm Form               Tmut/Air       8%         N/A       100%        7
 Summon Hydra             Summ           8%         N/A       100%        7


Dungeon Overview and Level Annotations

Branches:
Dungeon (9/15)             Temple (0/1) D:7            Lair (1/5) D:8
    Orc (0/2) D:9

Altars:
Cheibriados
Fedhas
Gozag
Makhleb
Nemelex Xobeh
Okawaru
Qazlal
Ru
Sif Muna
Vehumet
Xom
Zin

Shops:
D:1 (

Annotations:
D:4 1 runed translucent door, pokeman's ghost, amateur DEHW


Innate Abilities, Weirdness & Mutations

You can spit globs of acid.
Your golden yellow scales are hard. (AC +7)
You cannot fit into any form of body armour.
You are cold-blooded and may be slowed by cold attacks.
You are resistant to acid. (rCorr)


Message History

You spit a glob of acid.
The glob of acid hits the yak!
The acid corrodes the yak!
The acid splashes onto the yak!
The yak is splashed with acid.
The acid corrodes the yak!
The acid splashes onto the yak!
The yak is splashed with acid!
The acid corrodes the yak!
You kill the yak!
Vehumet accepts your kill. The yak misses you. The yak gores you.
Unknown command.
Your +2 short sword of holy wrath stops glowing.
You sense an unholy aura.
t - a +2 dagger of draining (weapon)
You hit the yak but do no damage.
The yak is heavily wounded.
The yak closely misses you. You block the yak's attack.
You closely miss the yak.
The yak is heavily wounded.
The yak gores you. The yak gores you but does no damage. The yak gores you.
You closely miss the yak.
The yak is heavily wounded.
The yak closely misses you. The yak gores you but does no damage.
The yak gores you.
You closely miss the yak.
The yak is heavily wounded.
The yak gores you. The yak gores you but does no damage. The yak gores you!
* * * LOW HITPOINT WARNING * * *
You feel yourself speed up. The yak gores you.
* * * LOW HITPOINT WARNING * * *
The yak gores you!
* * * LOW HITPOINT WARNING * * *
The yak barely misses you.
You feel better.
You feel better. The yak gores you!
* * * LOW HITPOINT WARNING * * *
The yak closely misses you. The yak barely misses you.
You feel better. The yak gores you but does no damage. The yak gores you!
* * * LOW HITPOINT WARNING * * *
The yak closely misses you. The yak gores you!
You die...

#...# ####
#...#
##.#.##...#
..........##
....$.†....#
+##?..†.Y.#
......†.Y.##
...#.#..Y..#
. # #...@##
##...#
#....##
##...P#
#....##
##...## ..
#....# .....
#...##
...#.##...#


You could see 3 yaks.

Vanquished Creatures
  Erica (D:8)
  Pikel (D:8)
  2 black mambas (Lair:1)
  A cane toad (Lair:1)
  A hornet (D:9)
  2 wyverns
  16 yaks
  Eustachio (D:4)
  A basilisk (Lair:1)
  A steam dragon (D:8)
  2 water moccasins
  A sky beast (D:6)
  4 orc warriors
  2 black bears (D:4)
  2 ice beasts
  A centaur (D:9)
  4 lemures
  2 phantoms (D:5)
  A kobold brigand (D:6)
  2 bullfrogs
  A gnoll sergeant (D:9)
  3 necrophages
  4 scorpions
  9 wights
  3 killer bees (D:9)
  7 howler monkeys
  Crazy Yiuf (D:2)
  8 orc priests
  5 hounds
  Jessica (D:3)
  5 iguanas
  10 orc wizards
  3 gnolls (D:9)
  6 adders
  3 shadow imps (D:7)
  A white imp (D:7)
  A worm (D:2)
  4 dart slugs
  43 orcs
  6 ball pythons
  6 endoplasms
  4 giant cockroaches
  10 goblins
  8 hobgoblins
  2 jackals (D:2)
  3 quokkas
  5 bats
  5 frilled lizards
  8 kobolds
  5 rats
228 creatures vanquished.

Vanquished Creatures (others)
  7 fungi (Lair:1)
  13 plants
  2 withered plants (D:4)
22 creatures vanquished.

Grand Total: 250 creatures vanquished

Notes
Turn   | Place    | Note
-------+----------+-------------------------------------------
     0 | D:1      | experimilk the Draconian Conjurer began the quest for the
                  | Orb.
     0 | D:1      | Reached XP level 1. HP: 14/14 MP: 3/3
   293 | D:1      | Reached XP level 2. HP: 20/20 MP: 1/5
   296 | D:1      | Learned a level 2 spell: Searing Ray
   729 | D:1      | Found Oticao's Antique Weapon Shop.
   753 | D:1      | You fall into a shaft and drop 1 floor!
   946 | D:2      | Reached skill level 5 in Conjurations
  1075 | D:2      | Reached XP level 3. HP: 26/26 MP: 2/6
  1565 | D:2      | Found a runed translucent door.
  1566 | D:2      | Noticed Crazy Yiuf
  1928 | D:2      | Killed Crazy Yiuf
  1929 | D:2      | Reached XP level 4. HP: 28/33 MP: 2/7
  2017 | D:3      | Found a glowing silver altar of Zin.
  2019 | D:3      | Noticed an angel
  2052 | D:3      | Found a shimmering altar of Xom.
  2188 | D:3      | Noticed Jessica
  2194 | D:3      | Killed Jessica
  2195 | D:3      | Reached skill level 6 in Conjurations
  3007 | D:3      | Reached XP level 5. HP: 38/38 MP: 5/8
  3220 | D:4      | Found a runed translucent door.
  3221 | D:4      | Noticed pokeman's ghost (amateur DEHW)
  4215 | D:4      | Reached skill level 7 in Conjurations
  4403 | D:4      | Noticed a black bear
  4433 | D:4      | Noticed a black bear
  4439 | D:4      | Killed a black bear
  4440 | D:4      | Reached XP level 6. HP: 38/45 MP: 3/9
  4561 | D:4      | Noticed Eustachio
  5150 | D:4      | Killed Eustachio
  5151 | D:4      | Reached skill level 8 in Conjurations
  5476 | D:4      | Your scales start taking on a golden yellow colour.
  5476 | D:4      | Reached XP level 7. HP: 29/50 MP: 0/10
  5476 | D:4      | Gained mutation: You are resistant to acid. (rCorr) [Yellow
                  | Draconian growth]
  5885 | D:5      | Entered Level 5 of the Dungeon
  5906 | D:5      | Reached skill level 9 in Conjurations
  6441 | D:5      | Reached XP level 8. HP: 37/57 MP: 2/12
  6530 | D:5      | Found an iron altar of Okawaru.
  6625 | D:5      | Learned a level 4 spell: Iskenderun's Mystic Blast
  6762 | D:5      | Reached skill level 10 in Conjurations
  6898 | D:5      | Found an opulent altar of Gozag.
  7097 | D:5      | Found a blossoming altar of Fedhas.
  7313 | D:6      | Found a shimmering blue altar of Sif Muna.
  7519 | D:6      | Found a burning altar of Makhleb.
  7525 | D:6      | Reached skill level 11 in Conjurations
  7564 | D:6      | Identified the +5 whip "Wisu" {holy, rN+ Int-4 Dex+6}
  8199 | D:6      | Found a sacrificial altar of Ru.
  8357 | D:6      | Reached XP level 9. HP: 62/62 MP: 3/13
  8577 | D:6      | Identified the +5 ring mail of Mis Niroyt {Harm}
  8857 | D:7      | Reached skill level 12 in Conjurations
  9528 | D:7      | Found a radiant altar of Vehumet.
  9537 | D:7      | Became a worshipper of Vehumet
  9546 | D:7      | Reached skill level 5 in Spellcasting
  9649 | D:7      | Found a staircase to the Ecumenical Temple.
 10144 | D:8      | Learned a level 4 spell: Sticky Flame
 10151 | D:8      | Learned a level 6 spell: Starburst
 10190 | D:8      | Found a staircase to the Lair.
 10201 | D:8      | Noticed Erica
 10221 | D:8      | Killed Erica
 10687 | D:8      | Noticed Pikel
 10943 | D:8      | Learned a level 4 spell: Olgreb's Toxic Radiance
 10946 | D:8      | Learned a level 2 spell: Blink
 11578 | D:9      | Reached * piety under Vehumet
 11578 | D:9      | Offered knowledge of Freeze by Vehumet.
 11579 | D:9      | Reached XP level 10. HP: 69/69 MP: 14/22
 11581 | D:9      | Learned a level 1 spell: Apportation
 11708 | D:9      | Found a stormy altar of Qazlal.
 12188 | D:9      | Found a staircase to the Orcish Mines.
 12759 | D:9      | Found a sparkling altar of Nemelex Xobeh.
 12768 | D:9      | Found a snail-covered altar of Cheibriados.
 12806 | D:9      | Reached skill level 10 in Spellcasting
 13449 | D:8      | Offered knowledge of Scorch by Vehumet.
 13454 | D:8      | Learned a level 2 spell: Scorch
 13577 | D:8      | Killed Pikel
 14246 | Lair:1   | Entered Level 1 of the Lair of Beasts
 14262 | Lair:1   | Noticed a black mamba
 14268 | Lair:1   | Killed a black mamba
 14269 | Lair:1   | Reached skill level 1 in Fire Magic
 14269 | Lair:1   | Reached skill level 1 in Poison Magic
 14425 | Lair:1   | Reached ** piety under Vehumet
 14534 | Lair:1   | Noticed a cane toad
 14539 | Lair:1   | Killed a cane toad
 14540 | Lair:1   | Reached XP level 11. HP: 74/74 MP: 16/26
 14860 | Lair:1   | Slain by a yak

Illustrated notes

Levels and vault maps discovered:
D:1:      dpeg_chamrin_arrival_tetris, layout_rooms, serial_shops,
          nicolae_shop_statue_plus, nrook_uturn
D:2:      layout_basic, chequers_serial_rivers_micro_e, uniq_crazy_yiuf_cottage
D:3:      layout_basic, grunt_temple_overflow_order_and_chaos_1,
          chequers_serial_rivers_large_b, kennysheep_jessica_study
D:4:      layout_basic, gammafunk_ghost_grave, minmay_surrounded, uniq_eustachio
D:5:      layout_loops_ring, fedhas_altar_decomposition, grunt_gozag_statues,
          kennysheep_okawaru_gauntlet
D:6:      layout_gridville, nicolae_sif_muna_condensation, bloody_makhleb,
          kennysheep_mini, hangedman_decor_lopped
D:7:      layout_loops_ring, mainiacjoe_overflow_surrounded_room,
          temple_statues, amcnicky_mini_rare_corridor_liquid, chequers_garden
D:8:      layout_basic, lair_entry_dummy, uniq_pikel, uniq_erica
D:9:      layout_stronghold, mainiacjoe_overflow_swirl,
          nicolae_qazlal_general_emergency, minmay_orc_entry_temple_small,
          enter_bailey_3
Lair:1:   layout_regular_city, grunt_megastairs_3

Skill      XL: |  1  2  3  4  5  6  7  8  9 10 11 |
---------------+----------------------------------+-----
Conjurations   | 5 6 7 8 9 11 12 | 12.0
Dodging        | 2 3 |  3.0
Spellcasting   | 3 8 11 | 11.6
Fire Magic     | 1 2 |  2.6
Poison Magic   | 1 2 |  2.6
Stealth        | |  1.7

Action                   |  1- 3 |  4- 6 |  7- 9 | 10-12 || total
-------------------------+-------+-------+-------+-------++-------
Melee: Mace              |    11 |     9 |       |       ||    20
       Tailslap          |     1 |       |     6 |     3 ||    10
       Short sword       |       |       |    40 |    10 ||    50
       Punch             |       |       |     1 |       ||     1
       Dagger            |       |       |       |     4 ||     4
 Cast: Magic Dart        |    47 |    61 |   115 |    73 ||   296
       Searing Ray       |     7 |    20 |    58 |    18 ||   103
       Iskenderun's Myst |       |       |     3 |    16 ||    19
       Sticky Flame      |       |       |       |    14 ||    14
       Scorch            |       |       |       |    12 ||    12
       Olgreb's Toxic Ra |       |       |       |     6 ||     6
       Blink             |       |       |       |     1 ||     1
 Abil: Breathe Acid      |       |       |    15 |     9 ||    24
Evoke: Wand              |       |       |       |    12 ||    12
  Use: Scroll            |       |     6 |     5 |     2 ||    13
       Potion            |       |       |     3 |     5 ||     8
Armor: Skin              |     3 |     8 |    26 |    15 ||    52
Dodge: Dodged            |     6 |    12 |    44 |    28 ||    90
Block: Buckler           |       |       |     1 |     6 ||     7

Table legend: (Time is in decaauts)
 A = Elapsed time spent in this place.
 B = Non-inter-level travel time spent in this place.
 C = Inter-level travel time spent in this place.
 D = Time resting spent in this place.
 E = Time spent auto-exploring this place.
 F = Levels seen in this place.
 G = Mean time per level.
                   A        B        C        D        E       F      G
               +--------+--------+--------+--------+--------+-----+--------+
         Total |  14919 |  14363 |    556 |   3960 |   8851 |  10 | 1491.9 |
       Dungeon |  14306 |  13751 |    555 |   3691 |   8612 |   9 | 1589.6 |
          Lair |    612 |    612 |      0 |    269 |    239 |   1 |  612.0 |
               +--------+--------+--------+--------+--------+-----+--------+

Top non-repeatable levels by time:
     D:9: 2204 daAuts
     D:3: 2166 daAuts
     D:8: 1878 daAuts
     D:6: 1742 daAuts
     D:4: 1700 daAuts
     D:5: 1399 daAuts
     D:2: 1157 daAuts
     D:7: 1139 daAuts
     D:1: 917 daAuts
  Lair:1: 612 daAuts
